 Dungeon Crawl Stone Soup version 0.19.1 (webtiles) character file.

40 empire the Charmwright (level 3, -2/26 HPs)
             Began as a High Elf Skald on Dec 21, 2016.
             Slain by a centaur skeleton (5 damage)
             ... on level 4 of the Dungeon.
             The game lasted 00:02:54 (1405 turns).

empire the Charmwright (High Elf Skald)             Turns: 1405, Time: 00:02:55

Health: -2/26      AC:  3    Str: 11    XL:     3   Next: 30%
Magic:  5/7        EV: 11    Int: 17    God:
Gold:   86         SH:  0    Dex: 14    Spells: 1 memorised, 5 levels left

rFire  . . .     SeeInvis .     a - +0 falchion
rCold  . . .     Gourm    .     b - +0 leather armour
rNeg   . . .     Faith    .     (no shield)
rPois  .         Spirit   .     (no helmet)
rElec  .         Reflect  .     (no cloak)
rCorr  .         Harm     .     (no gloves)
MR     .....                    (no boots)
Stlth  +.........               (no amulet)
                                (no ring)
                                (no ring)

@: infused (expiring)
A: no striking features
a: no special abilities


You were on level 4 of the Dungeon.
You were not hungry.

You visited 1 branch of the dungeon, and saw 3 of its levels.

You collected 86 gold pieces.

Inventory:

Hand Weapons
 a - a +0 falchion (weapon)
Missiles
 g - 7 needles of paralysis
 p - 20 arrows
Armour
 b - a +0 leather armour (worn)
Jewellery
 i - a +4 ring of intelligence {unknown}
Scrolls
 e - a scroll of identify {unknown}
 h - a scroll of enchant armour {unknown}
 k - a scroll of enchant weapon {unknown}
 q - 4 scrolls of remove curse {unknown}
 r - a scroll of teleportation {unknown}
Potions
 j - a potion of curing {unknown}
 l - a potion of might {unknown}
 m - a potion of cure mutation {unknown}
 n - a potion of brilliance {unknown}
Books
 c - a book of Battle

   Spells                             Type                      Level
   a - Infusion                       Charms                       1
   b - Shroud of Golubria             Charms/Translocation         2
   c - Song of Slaying                Charms                       2
   d - Spectral Weapon                Hexes/Charms                 3
   e - Regeneration                   Charms/Necromancy            3
Comestibles
 d - 3 bread rations
 o - a slice of pizza


   Skills:
 - Level 3.1 Fighting
 - Level 3.2 Long Blades
 - Level 0.8 Armour
 + Level 1.5 Dodging
 - Level 2.4 Spellcasting
 - Level 3.6 Charms


You had 5 spell levels left.
You knew the following spells:

 Your Spells              Type           Power        Failure   Level  Hunger
a - Infusion              Chrm           ##..         8%          1    #......


Dungeon Overview and Level Annotations

Branches:
Dungeon (2/15)

Altars:


Message History

An iguana, 4 gnolls and a skeleton come into view.
The iguana hisses angrily.
The gnoll shouts! x2
Found a leather armour and a scroll labeled QUEDWO QOIPOE.
An ogre comes into view. It is wielding a giant spiked club.
The ogre shouts!
The gnoll shouts!
The gnoll shouts!
The centaur skeleton barely misses you.
An orc priest comes into view. It is wielding a club.
The orc priest shouts!
The orc priest looks braver for a moment.
Your magical infusion is running out.
The ogre hits you with a giant spiked club!
Ouch! That really hurt!
* * * LOW HITPOINT WARNING * * *
The gnoll barely misses you.
An orc wizard comes into view. It is wielding a dagger of venom.
The orc wizard shouts!
The orc wizard casts a cantrip, but nothing happens.
The centaur skeleton hits you.
You die...

############
#..........#
#..........# ...
.oo....@...#####....
..##...Zg...g.......
#...O....g.......
#....l.g.......#
#..............#
#...........[..#
#..............#
#..............#
#..............#


You could see an ogre, an iguana, an orc priest, an orc wizard, 4 gnolls and a
centaur skeleton.

Vanquished Creatures
  An ooze (D:1)
  2 worms (D:2)
  A leopard gecko (D:1)
  A giant cockroach (D:1)
  A goblin (D:1)
  3 hobgoblins (D:1)
  6 jackals
  2 quokkas (D:2)
  A ball python (D:2)
  3 bats (D:1)
  A frilled lizard (D:1)
  A kobold (D:2)
  7 rats
30 creatures vanquished.

Notes
Turn   | Place    | Note
-------+----------+-------------------------------------------
     0 | D:1      | empire the High Elf Skald began the quest for the Orb.
     0 | D:1      | Reached XP level 1. HP: 14/14 MP: 4/4
   235 | D:1      | Reached XP level 2. HP: 8/19 MP: 6/6
  1117 | D:2      | Reached XP level 3. HP: 26/26 MP: 7/7
  1398 | D:2      | You fall through a shaft for 2 floors!
  1400 | D:4      | Noticed an ogre
  1405 | D:4      | Slain by a centaur skeleton

Skill      XL: |  1  2 |
---------------+-------+-----
Long Blades    | 3 |  3.2
Fighting       | 3 |  3.1
Armour         | |  0.8
Dodging        | |  1.5
Spellcasting   | |  2.4
Charms         | |  3.6

Action                   || total
-------------------------++-------
Melee: Falchion          ||    72
 Cast: Infusion          ||     2
  Eat: Chunk             ||     2
Armor: Leather armour    ||    25
Dodge: Dodged            ||    42
       Rpst.: Falchion   ||    15
